 Dungeon Crawl Stone Soup version 0.22-a0-351-g29664b4 (webtiles) character file.

135 PegasusDuck the Shooter (level 5, -4/26 HPs)
             Began as a Vine Stalker Hunter on Apr 13, 2018.
             Slain by Grinder (6 damage)
             ... on level 3 of the Dungeon.
             The game lasted 00:05:51 (2537 turns).

PegasusDuck the Shooter (Vine Stalker Hunter)       Turns: 2537, Time: 00:05:52

Health: -4/26      AC:  8    Str: 15    XL:     5   Next: 18%
Magic:  0/6        EV:  9    Int: 11    God:
Gold:   163        SH:  0    Dex: 15    Spells: 4/4 levels left

rFire    . . .     SeeInvis .   a - +1 shortbow
rCold    . . .     Gourm    .   (shield currently unavailable)
rNeg     . . .     Faith    .   e - +0 scale mail
rPois    .         Spirit   +   h - +0 helmet
rElec    .         Reflect  .   (no cloak)
rCorr    .         Harm     .   q - +0 pair of gloves
MR       .....                  (no boots)
Stlth    +.........             (no amulet)
HPRegen  0.48/turn              c - ring of stealth
MPRegen  0.10/turn              (no ring)

@: about to teleport
A: fangs 2, regeneration 1, magic shield, antimagic bite, no potion heal 3, rot
immunity
a: no special abilities


You were on level 3 of the Dungeon.
You were near starving.

You visited 1 branch of the dungeon, and saw 4 of its levels.

You collected 163 gold pieces.

Inventory:

Hand Weapons
 a - a +1 shortbow (weapon)
 b - a +0 short sword
Missiles
 d - 68 arrows (quivered)
Armour
 e - a +0 scale mail (worn)
 h - a +0 helmet (worn)
 q - a +0 pair of gloves (worn)
Jewellery
 c - a ring of stealth (left hand)
Scrolls
 k - a scroll of remove curse
Potions
 m - a potion of brilliance
 n - a potion of mutation
 p - a potion of heal wounds
Comestibles
 f - 10 rations


   Skills:
 - Level 1.7 Fighting
 + Level 5.7 Bows
 - Level 1.5 Dodging
 - Level 1.2 Stealth


You had 4 spell levels left.
You didn't know any spells.

Dungeon Overview and Level Annotations

Branches:
Dungeon (4/15)
 Temple: D:4-7

Altars:

Annotations:
D:3 Grinder


Innate Abilities, Weirdness & Mutations

You have extremely sharp teeth.
Your natural rate of healing is unusually fast.
When hurt, damage is shared between your health and your magic reserves.
Your bite disrupts and absorbs the magic of your enemies.
Potions cannot restore your health.
You are immune to rotting.


Message History

Grinder is moderately wounded.
Grinder hits you.
You writhe in agony.
As you read the scroll of teleportation, it crumbles to dust.
You feel strangely unstable. Grinder hits you but does no damage.
Unknown command.
Unknown command.
Firing (i - inventory)
d - 69 arrows (quivered)
Press: ? - help, Shift-Dir - straight line, f/p - Grinder
Aim: Grinder (moderately wounded)
You shoot an arrow. The arrow closely misses Grinder.
Grinder gestures at you. Pain shoots through your body!
* * * LOW HITPOINT WARNING * * *
You are too injured to fight recklessly!
Unknown command.
Okay, then.
Grinder hits you.
* * * LOW HITPOINT WARNING * * *
You writhe in agony.
You die...

##### #...# #...# ######
#...#######....###
..........'....+@#
###########....#5# ###
#.......##.#
..#####.......##.#
..##..'.......'..#########
..##.##.......##<........#
####.###########.#######.#
####.######### #(# #.#
.............# #.# #.#


You could see Grinder.

Vanquished Creatures
  A worker ant (D:2)
  2 adders
  2 oozes
  6 worms
  2 dart slugs (D:3)
  3 leopard geckos (D:3)
  3 orcs (D:3)
  8 bats
  A giant cockroach (D:3)
  5 hobgoblins
  3 jackals (D:2)
  A ball python (D:1)
  5 frilled lizards
  4 goblins
  9 kobolds
  6 rats
61 creatures vanquished.

Notes
Turn   | Place    | Note
-------+----------+-------------------------------------------
     0 | D:1      | PegasusDuck the Vine Stalker Hunter began the quest for the Orb.
     0 | D:1      | Reached XP level 1. HP: 11/11 MP: 2/2
   228 | D:1      | Reached skill level 4 in Bows
   228 | D:1      | Reached XP level 2. HP: 15/15 MP: 3/3
   802 | D:2      | Reached XP level 3. HP: 18/18 MP: 4/4
  1025 | D:2      | Reached skill level 5 in Bows
  1038 | D:1      | Gained mutation: Your natural rate of healing is unusually fast. [Vine Stalker growth]
  1038 | D:1      | Reached XP level 4. HP: 23/23 MP: 5/5
  1573 | D:3      | Found a faded altar of an unknown god.
  1857 | D:3      | Reached XP level 5. HP: 19/26 MP: 4/6
  2528 | D:4      | Noticed Grinder
  2537 | D:3      | Slain by Grinder

Vault maps used:
D:1:      minmay_arrival_wavy_path
D:2:      kennysheep_big_flooded_room, first_ration
D:3:      chequers_ecumenical_altar_simple
D:4:      uniq_grinder, uniq_duvessa, uniq_menkaure, uniq_pikel

Skill      XL: |  1  2  3 |
---------------+----------+-----
Bows           | 4 5 |  5.7
Fighting       | |  1.7
Dodging        | |  1.5
Stealth        | |  1.2

Action                   |  1- 3 |  4- 6 || total
-------------------------+-------+-------++-------
Melee: Short sword       |    44 |    76 ||   120
       Bite              |     9 |    27 ||    36
 Fire: Shortbow          |    37 |    68 ||   105
  Use: Scroll            |       |     9 ||     9
       Potion            |       |     1 ||     1
  Eat: Chunk             |       |     3 ||     3
Armor: Scale mail        |    27 |    45 ||    72
Dodge: Dodged            |    20 |    49 ||    69

Table legend:
 A = Spawn XP
 B = Non-spawn XP
 C = Spawn XP percentage of total XP
 D = Spawn monster count
 E = Non-spawn monster count
 F = Spawn count percentage of total count
 G = Total turns spent on level
                    A         B        C        D         E        F      G
               +---------+---------+-------+---------+---------+-------+---------
         Total |       0 |     194 |   0.0 |       0 |      61 |   0.0 |  2537
               +---------+---------+-------+---------+---------+-------+---------
           D:1 |       0 |      34 |   0.0 |       0 |      19 |   0.0 |   843
           D:2 |       0 |      81 |   0.0 |       0 |      17 |   0.0 |   672
           D:3 |       0 |      79 |   0.0 |       0 |      25 |   0.0 |   996
               +---------+---------+-------+---------+---------+-------+---------
